| TOP OF THE 1ST |
|
Augusta GreenJackets batting - Pitching for South Bend Cubs : RHP Gavrel Godziashvili
|
|
Pitching: RHP Gavrel Godziashvili
|
|
|
Batting: LHB Kevin Kantor
|
0-0: Ball 1-0: Foul Ball, location: 2F 1-1: Ball 2-1: Ground out U3 (Groundball, 3, EV 107.5 MPH)
|
|
Batting: RHB Lucan Esini
|
0-0: Ball 1-0: Called Strike 1-1: Foul Ball, location: 2F 1-2: Ground out 6-3 (Groundball, 56, EV 99.4 MPH)
|
|
Batting: LHB James Wheaton
|
0-0: Ball 1-0: Ball 2-0: Called Strike 2-1: Ball 3-1: Base on Balls
|
|
Batting: RHB Chris King
|
0-0: Foul Ball, location: 2F 0-1: Swinging Strike 0-2: Ball 1-2: Strikes out swinging
|
| Top of the 1st over - 0 runs, 0 hits, 0 errors, 1 left on base; Augusta 0 - South Bend 0 |
| BOTTOM OF THE 1ST |
|
South Bend Cubs batting - Pitching for Augusta GreenJackets : LHP Matt Bagnall
|
|
Pitching: LHP Matt Bagnall
|
|
|
Batting: RHB Mike Savage
|
0-0: Called Strike 0-1: Foul Ball, location: 2F 0-2: Ball 1-2: Foul Ball, location: 2F 1-2: Ball 2-2: Foul Ball, location: 2F 2-2: SOLO HOME RUN (Flyball, 7D, EV 106.9 MPH), Distance : 400 ft
|
|
Batting: RHB Jason Ostrom
|
0-0: Ball 1-0: Fly out, F7 (Flyball, 78D, EV 84.4 MPH)
|
|
Batting: LHB Mike DiNardo
|
0-0: Called Strike 0-1: Fly out, F7 (Flyball, 7, EV 81.9 MPH)
|
|
Batting: LHB Shuan-yan Wu
|
0-0: Called Strike 0-1: Swinging Strike 0-2: Ball 1-2: Strikes out swinging
|
| Bottom of the 1st over - 1 run, 1 hit, 0 errors, 0 left on base; Augusta 0 - South Bend 1 |
| TOP OF THE 2ND |
|
Augusta GreenJackets batting - Pitching for South Bend Cubs : RHP Gavrel Godziashvili
|
|
Batting: RHB Mike Buchanan
|
0-0: Ball 1-0: Fly out, F7 (Flyball, 78M, EV 93.8 MPH)
|
|
Batting: RHB Davey Beeson
|
0-0: Ball 1-0: Fly out, F8 (Flyball, 8LD, EV 96.3 MPH)
|
|
Batting: RHB Devin Lowery
|
0-0: Foul Ball, location: 2F 0-1: Foul Ball, location: 2F 0-2: Ground out 4-3 (Groundball, 4, EV 82.5 MPH)
|
| Top of the 2nd over - 0 runs, 0 hits, 0 errors, 0 left on base; Augusta 0 - South Bend 1 |
| BOTTOM OF THE 2ND |
|
South Bend Cubs batting - Pitching for Augusta GreenJackets : LHP Matt Bagnall
|
|
Batting: LHB Bill Tardiff
|
0-0: Hit by Pitch
|
|
Batting: SHB Benoît Morin
|
0-0: Called Strike 0-1: Called Strike 0-2: Ball 1-2: Ball 2-2: Strikes out swinging
|
|
Batting: LHB Jim Polson
|
0-0: Ball 1-0: Called Strike 1-1: Ball 2-1: Swinging Strike 2-2: Fly out, F8 (Line Drive, 8LD, EV 108.1 MPH)
|
|
Batting: RHB Omar Novoa
|
0-0: Called Strike Bill Tardiff steals 2nd, throwing error, E2 Bill Tardiff to third 0-1: Swinging Strike 0-2: Strikes out looking
|
| Bottom of the 2nd over - 0 runs, 0 hits, 1 error, 1 left on base; Augusta 0 - South Bend 1 |
| TOP OF THE 3RD |
|
Augusta GreenJackets batting - Pitching for South Bend Cubs : RHP Gavrel Godziashvili
|
|
Batting: RHB Mike Jones
|
0-0: Ground out 5-3 (Groundball, 56, EV 111.3 MPH)
|
|
Batting: RHB Micah McErlean
|
0-0: SINGLE (Groundball, 4MD, EV 101.9 MPH)
|
|
Batting: LHB Kevin Kantor
|
0-0: Foul Ball, location: 2F 0-1: Fielders Choice at 2nd, 4-6 (Groundball, 4, EV 83.1 MPH)
|
|
Batting: RHB Lucan Esini
|
0-0: Ball 1-0: Ball 2-0: Swinging Strike 2-1: Foul Ball, location: 2F 2-2: Foul Ball, location: 2F 2-2: Ground out 4-3 (Groundball, 4D, EV 105.0 MPH)
|
| Top of the 3rd over - 0 runs, 1 hit, 0 errors, 1 left on base; Augusta 0 - South Bend 1 |
| BOTTOM OF THE 3RD |
|
South Bend Cubs batting - Pitching for Augusta GreenJackets : LHP Matt Bagnall
|
|
Now at C: Drew Duncan
|
|
|
Batting: SHB Alvaro Andrade
|
0-0: Called Strike 0-1: Ball 1-1: Foul Ball, location: 2F 1-2: Ball 2-2: Strikes out looking
|
|
Batting: RHB Mike Savage
|
0-0: Ball 1-0: Foul Ball, location: 2F 1-1: Foul Ball, location: 2F 1-2: Fly out, F7 (Flyball, 78XD, EV 87.5 MPH)
|
|
Batting: RHB Jason Ostrom
|
0-0: Ball 1-0: Fly out, F7 (Line Drive, 7D, EV 91.9 MPH)
|
| Bottom of the 3rd over - 0 runs, 0 hits, 0 errors, 0 left on base; Augusta 0 - South Bend 1 |
| TOP OF THE 4TH |
|
Augusta GreenJackets batting - Pitching for South Bend Cubs : RHP Gavrel Godziashvili
|
|
Batting: LHB James Wheaton
|
0-0: Swinging Strike 0-1: Ball 1-1: Foul Ball, location: 2F 1-2: Foul Ball, location: 2F 1-2: Ground out U3 (Groundball, 3, EV 80.0 MPH)
|
|
Batting: RHB Chris King
|
0-0: Swinging Strike 0-1: Ball 1-1: Swinging Strike 1-2: Foul Ball, location: 2F 1-2: Fly out, F7 (Flyball, 7, EV 81.3 MPH)
|
|
Batting: RHB Mike Buchanan
|
0-0: Ground out 6-3 (Groundball, 6, EV 93.8 MPH)
|
| Top of the 4th over - 0 runs, 0 hits, 0 errors, 0 left on base; Augusta 0 - South Bend 1 |
| BOTTOM OF THE 4TH |
|
South Bend Cubs batting - Pitching for Augusta GreenJackets : LHP Matt Bagnall
|
|
Batting: LHB Mike DiNardo
|
0-0: Ball 1-0: Ball 2-0: Called Strike 2-1: Ball 3-1: Base on Balls
|
|
Batting: LHB Shuan-yan Wu
|
0-0: SINGLE (Groundball, 3D, EV 100.6 MPH) Mike DiNardo to second Runner from 2nd tries for 3rd, SAFE, throw by RF made to third Shuan-yan Wu to second
|
|
Batting: LHB Bill Tardiff
|
0-0: Ball 1-0: Ball 2-0: Ground out 6-3 (Groundball, 6M, EV 87.5 MPH) Mike DiNardo scores Shuan-yan Wu to third
|
|
Batting: SHB Benoît Morin
|
0-0: Foul Ball, location: 2F 0-1: Ground out U3 (Groundball, 34S, EV 80.0 MPH) Shuan-yan Wu scores
|
|
Batting: LHB Jim Polson
|
0-0: Ball 1-0: SINGLE (Groundball, 6MD, EV 100.6 MPH)
|
|
Batting: RHB Omar Novoa
|
0-0: Foul Ball, location: 2F 0-1: Ball 1-1: Swinging Strike 1-2: Strikes out looking
|
| Bottom of the 4th over - 2 runs, 2 hits, 0 errors, 1 left on base; Augusta 0 - South Bend 3 |
| TOP OF THE 5TH |
|
Augusta GreenJackets batting - Pitching for South Bend Cubs : RHP Gavrel Godziashvili
|
|
Batting: RHB Davey Beeson
|
0-0: Ball 1-0: DOUBLE (Flyball, 8LXD, EV 100.0 MPH)
|
|
Batting: RHB Devin Lowery
|
0-0: Ball 1-0: SINGLE (Groundball, 56D, EV 96.3 MPH) Davey Beeson to third
|
|
Batting: RHB Mike Jones
|
0-0: Ball 1-0: Ball 2-0: Called Strike 2-1: Grounds into double play, 6-4-3 (Groundball, 56D, EV 86.3 MPH) Davey Beeson scores
|
|
Batting: RHB Drew Duncan
|
0-0: Ball 1-0: Swinging Strike 1-1: Foul Ball, location: 2F 1-2: Ball 2-2: Fly out, F7 (Flyball, 7S, EV 90.6 MPH)
|
| Top of the 5th over - 1 run, 2 hits, 0 errors, 0 left on base; Augusta 1 - South Bend 3 |
| BOTTOM OF THE 5TH |
|
South Bend Cubs batting - Pitching for Augusta GreenJackets : LHP Matt Bagnall
|
|
Batting: SHB Alvaro Andrade
|
0-0: Ball 1-0: Ball 2-0: Foul Ball, location: 2F 2-1: Foul Ball, location: 2F 2-2: Foul Ball, location: 2F 2-2: Strikes out swinging
|
|
Batting: RHB Mike Savage
|
0-0: Ball 1-0: Ball 2-0: Ball 3-0: Called Strike 3-1: Fly out, F6 (Line Drive, 6, EV 66.9 MPH)
|
|
Batting: RHB Jason Ostrom
|
0-0: Foul Ball, location: 2F 0-1: SINGLE (Flyball, 9LS, EV 95.0 MPH)
|
|
Batting: LHB Mike DiNardo
|
0-0: Ball 1-0: Swinging Strike 1-1: Called Strike Jason Ostrom steals 2nd base (no throw) 1-2: Ball 2-2: Ball 3-2: SINGLE (Groundball, 56, EV 103.8 MPH) Jason Ostrom to third Runner from 3rd tries for Home, SAFE, throw by LF to home
|
|
Batting: LHB Shuan-yan Wu
|
0-0: Called Strike 0-1: Foul Ball, location: 2F 0-2: Ball 1-2: Ball 2-2: Foul Ball, location: 2F 2-2: Foul Ball, location: 2F 2-2: Ball 3-2: Foul Ball, location: 2F 3-2: SINGLE (Flyball, 7S, EV 88.8 MPH) Mike DiNardo to second Mike DiNardo to third
|
|
Pitching: LHP Travis Stichter
|
|
|
Batting: LHB Bill Tardiff
|
0-0: Called Strike 0-1: Foul Ball, location: 2F 0-2: Ball 1-2: Strikes out swinging
|
| Bottom of the 5th over - 1 run, 3 hits, 0 errors, 2 left on base; Augusta 1 - South Bend 4 |
| TOP OF THE 6TH |
|
Augusta GreenJackets batting - Pitching for South Bend Cubs : RHP Gavrel Godziashvili
|
|
Batting: LHB Kevin Kantor
|
0-0: Ball 1-0: Called Strike 1-1: Called Strike 1-2: Ball 2-2: Foul Ball, location: 2F 2-2: TRIPLE (Line Drive, 89XD, EV 105.0 MPH)
|
|
Batting: RHB Lucan Esini
|
0-0: Swinging Strike Passed Ball! Kevin Kantor scores 0-1: Ball 1-1: Swinging Strike 1-2: Foul Ball, location: 2F 1-2: Foul Ball, location: 2F 1-2: Foul Ball, location: 2F 1-2: SINGLE (Line Drive, 8RS, EV 96.9 MPH)
|
|
Batting: LHB James Wheaton
|
0-0: Ball 1-0: Called Strike 1-1: 2-RUN HOME RUN (Flyball, 9D, EV 97.5 MPH), Distance : 394 ft
|
|
Batting: RHB Chris King
|
0-0: Ball 1-0: Called Strike 1-1: Ground out 5-3 (Groundball, 5S, EV 76.9 MPH)
|
|
Batting: RHB Mike Buchanan
|
0-0: Ball 1-0: Foul Ball, location: 2F 1-1: Swinging Strike 1-2: Foul Ball, location: 2F 1-2: Ball 2-2: Strikes out looking
|
|
Batting: RHB Davey Beeson
|
0-0: Called Strike 0-1: Called Strike 0-2: Fly out, F5 (Flyball, 5D, EV 83.1 MPH)
|
| Top of the 6th over - 3 runs, 3 hits, 0 errors, 0 left on base; Augusta 4 - South Bend 4 |
| BOTTOM OF THE 6TH |
|
South Bend Cubs batting - Pitching for Augusta GreenJackets : LHP Travis Stichter
|
|
Batting: SHB Benoît Morin
|
0-0: Ball 1-0: Called Strike 1-1: Swinging Strike 1-2: Foul Ball, location: 2F 1-2: Ball 2-2: Ball 3-2: Strikes out looking
|
|
Batting: LHB Jim Polson
|
0-0: Called Strike 0-1: Called Strike 0-2: Strikes out swinging
|
|
Batting: RHB Omar Novoa
|
0-0: Ball 1-0: Swinging Strike 1-1: Ground out 6-3 (Groundball, 6, EV 90.0 MPH)
|
| Bottom of the 6th over - 0 runs, 0 hits, 0 errors, 0 left on base; Augusta 4 - South Bend 4 |
| TOP OF THE 7TH |
|
Augusta GreenJackets batting - Pitching for South Bend Cubs : RHP Gavrel Godziashvili
|
|
Batting: RHB Devin Lowery
|
0-0: Called Strike 0-1: Swinging Strike 0-2: Foul Ball, location: 2F 0-2: Ball 1-2: Ball 2-2: Hit by Pitch
|
|
Batting: RHB Mike Jones
|
0-0: Ball 1-0: Ball 2-0: Ball 3-0: Called Strike 3-1: Called Strike 3-2: Foul Ball, location: 2F 3-2: Base on Balls Devin Lowery to second
|
|
Batting: RHB Drew Duncan
|
0-0: Called Strike 0-1: Ball Wild Pitch! Devin Lowery to third Mike Jones to second 1-1: Foul Ball, location: 2F 1-2: Strikes out swinging
|
|
Batting: LHB Kevin Kantor
|
0-0: Intentional Walk
|
|
Pitching: RHP Daniel Sullivan
|
|
|
Batting: RHB Lucan Esini
|
0-0: SINGLE (Groundball, 6MD, EV 101.9 MPH) Devin Lowery scores Mike Jones to third Kevin Kantor to second
|
|
Batting: LHB James Wheaton
|
0-0: Called Strike 0-1: Ball 1-1: GRAND SLAM HOME RUN (Flyball, 9D, EV 98.8 MPH), Distance : 409 ft
|
|
Batting: RHB Chris King
|
0-0: SOLO HOME RUN (Flyball, 7D, EV 100.6 MPH), Distance : 388 ft
|
|
Batting: RHB Mike Buchanan
|
0-0: Ball 1-0: SINGLE (Line Drive, 7LM, EV 94.4 MPH)
|
|
Batting: RHB Davey Beeson
|
0-0: Called Strike 0-1: SINGLE (Line Drive, 9S, EV 100.6 MPH) Mike Buchanan to second Runner from 2nd tries for 3rd, SAFE, throw by RF made to third
|
|
Batting: RHB Devin Lowery
|
0-0: Ball 1-0: Foul Ball, location: 2F 1-1: Ball 2-1: Ball 3-1: Base on Balls Davey Beeson to second
|
|
Batting: RHB Mike Jones
|
0-0: Called Strike 0-1: Ball 1-1: Foul Ball, location: 2F 1-2: Foul Ball, location: 2F 1-2: SINGLE (Groundball, 56D, EV 106.9 MPH) Mike Buchanan scores Davey Beeson to third Devin Lowery to second
|
|
Pitching: LHP Andres Lobato
|
|
|
Batting: RHB Drew Duncan
|
0-0: Foul Ball, location: 2F 0-1: Called Strike 0-2: Ball 1-2: Ball 2-2: Ball 3-2: Base on Balls Davey Beeson scores Devin Lowery to third Mike Jones to second
|
|
Batting: LHB Kevin Kantor
|
0-0: Ball 1-0: Ball 2-0: Called Strike 2-1: Ball 3-1: Foul Ball, location: 2F 3-2: Base on Balls Devin Lowery scores Mike Jones to third Drew Duncan to second
|
|
Batting: RHB Lucan Esini
|
0-0: Called Strike 0-1: Ball 1-1: Ball 2-1: Called Strike 2-2: Fly out, F7 (Flyball, 7LM, EV 104.4 MPH) Runner from 3rd tags up, OUT at HOME! 7-2
|
| Top of the 7th over - 9 runs, 6 hits, 0 errors, 2 left on base; Augusta 13 - South Bend 4 |
| BOTTOM OF THE 7TH |
|
South Bend Cubs batting - Pitching for Augusta GreenJackets : LHP Travis Stichter
|
|
Batting: SHB Alvaro Andrade
|
0-0: Called Strike 0-1: Foul Ball, location: 2F 0-2: Ball 1-2: Strikes out swinging
|
|
Batting: RHB Mike Savage
|
0-0: Swinging Strike 0-1: Ball 1-1: Called Strike 1-2: Ball 2-2: Ball 3-2: Strikes out looking
|
|
Batting: RHB Jason Ostrom
|
0-0: Foul Ball, location: 2F 0-1: Ball 1-1: Ground out 5-3 (Groundball, 56, EV 101.3 MPH)
|
| Bottom of the 7th over - 0 runs, 0 hits, 0 errors, 0 left on base; Augusta 13 - South Bend 4 |
| TOP OF THE 8TH |
|
Augusta GreenJackets batting - Pitching for South Bend Cubs : LHP Andres Lobato
|
|
Batting: LHB James Wheaton
|
0-0: Ball 1-0: Foul Ball, location: 2F 1-1: Ball 2-1: Ball 3-1: Base on Balls
|
|
Pitching: RHP Eric Allen
|
|
|
Batting: RHB Chris King
|
0-0: Called Strike 0-1: Foul Ball, location: 2F 0-2: Ball 1-2: Fielders Choice at 2nd, 6-4 (Groundball, 6, EV 82.5 MPH)
|
|
Batting: RHB Mike Buchanan
|
0-0: Ball 1-0: TRIPLE (Line Drive, 78XD, EV 105.6 MPH) Chris King scores
|
|
Batting: RHB Davey Beeson
|
0-0: Ball 1-0: Ball 2-0: Ball 3-0: Called Strike 3-1: Foul Ball, location: 2F 3-2: Fly out, F7 (Flyball, 7D, EV 78.1 MPH) Runner from 3rd tags up, SCORES, throw by LF
|
|
Batting: RHB Devin Lowery
|
0-0: Foul Ball, location: 2F 0-1: Foul Ball, location: 2F 0-2: Ball 1-2: Ball 2-2: Foul Ball, location: 2F 2-2: Foul Ball, location: 2F 2-2: Strikes out swinging
|
| Top of the 8th over - 2 runs, 1 hit, 0 errors, 0 left on base; Augusta 15 - South Bend 4 |
| BOTTOM OF THE 8TH |
|
South Bend Cubs batting - Pitching for Augusta GreenJackets : LHP Travis Stichter
|
|
Batting: LHB Mike DiNardo
|
0-0: Called Strike 0-1: TRIPLE (Flyball, 9LD, EV 115.0 MPH)
|
|
Batting: LHB Shuan-yan Wu
|
0-0: Called Strike 0-1: Ball 1-1: Ground out 5-3 (Groundball, 5S, EV 72.5 MPH)
|
|
Batting: LHB Bill Tardiff
|
0-0: Swinging Strike 0-1: Called Strike 0-2: Strikes out swinging
|
|
Batting: SHB Benoît Morin
|
0-0: Ball 1-0: Swinging Strike 1-1: Ball 2-1: Fly out, F8 (Flyball, 8LXD, EV 105.6 MPH)
|
| Bottom of the 8th over - 0 runs, 1 hit, 0 errors, 1 left on base; Augusta 15 - South Bend 4 |
| TOP OF THE 9TH |
|
Augusta GreenJackets batting - Pitching for South Bend Cubs : RHP Eric Allen
|
|
Pitching: RHP Jean-Paul Lefebvre
|
|
|
Batting: RHB Mike Jones
|
0-0: Ball 1-0: Ball 2-0: Ball 3-0: Called Strike 3-1: Swinging Strike 3-2: SINGLE (Flyball, 3D, EV 99.4 MPH)
|
|
Batting: RHB Drew Duncan
|
0-0: Ball 1-0: Ball 2-0: Ball 3-0: Called Strike 3-1: SINGLE (Flyball, 6MD, EV 85.6 MPH) Mike Jones to second
|
|
Batting: LHB Kevin Kantor
|
0-0: Foul Ball, location: 2F 0-1: Foul Ball, location: 2F 0-2: SINGLE (Groundball, 6M, EV 96.3 MPH) Mike Jones to third Drew Duncan to second
|
|
Batting: RHB Lucan Esini
|
0-0: Ball 1-0: Ball 2-0: Ball 3-0: Base on Balls Mike Jones scores Drew Duncan to third Kevin Kantor to second
|
|
Batting: LHB James Wheaton
|
0-0: Ball 1-0: Foul Ball, location: 2F 1-1: SINGLE (Groundball, 6M, EV 95.0 MPH) Drew Duncan scores Kevin Kantor to third Lucan Esini to second
|
|
Batting: RHB Chris King
|
0-0: Foul Ball, location: 2F 0-1: Foul Ball, location: 2F 0-2: Ball 1-2: Ball 2-2: Fly out, F7 (Flyball, 78S, EV 83.8 MPH)
|
|
Batting: RHB Mike Buchanan
|
0-0: Ball 1-0: SINGLE (Groundball, P, EV 79.4 MPH) (infield hit) Kevin Kantor scores Lucan Esini to third James Wheaton to second
|
|
Batting: RHB Davey Beeson
|
0-0: Called Strike 0-1: SINGLE (Line Drive, 4, EV 96.9 MPH) Lucan Esini scores James Wheaton to third Mike Buchanan to second
|
|
Pitching: LHP Andy Bordeaux
|
|
|
Batting: RHB Devin Lowery
|
0-0: Fly out, F6 (Popup, 6MS, EV 63.8 MPH)
|
|
Batting: RHB Mike Jones
|
0-0: Ground out 4-3 (Groundball, 4, EV 89.4 MPH)
|
| Top of the 9th over - 4 runs, 6 hits, 0 errors, 3 left on base; Augusta 19 - South Bend 4 |
| BOTTOM OF THE 9TH |
|
South Bend Cubs batting - Pitching for Augusta GreenJackets : LHP Travis Stichter
|
|
Batting: LHB Jim Polson
|
0-0: Called Strike 0-1: Ball 1-1: Ball 2-1: Swinging Strike 2-2: Foul Ball, location: 2F 2-2: Foul Ball, location: 2F 2-2: Ball 3-2: Fly out, F8 (Line Drive, 8LD, EV 90.6 MPH)
|
|
Pitching: RHP Ron Riley
|
|
|
Batting: RHB Omar Novoa
|
0-0: Foul Ball, location: 2F 0-1: Swinging Strike 0-2: Ball 1-2: Strikes out swinging
|
|
Batting: SHB Alvaro Andrade
|
0-0: Foul Ball, location: 2F 0-1: Foul Ball, location: 2F 0-2: Strikes out swinging
|
| Bottom of the 9th over - 0 runs, 0 hits, 0 errors, 0 left on base; Augusta 19 - South Bend 4 |
|